 Dungeon Crawl Stone Soup version 0.19.0-2-gae57169 (webtiles) character file.

106 stebl the Sneak (level 4, -9/23 HPs)
             Began as a Vine Stalker Assassin on Nov 7, 2016.
             Killed by divine providence
             ... invoked by an orc priest
              (13 damage)
             ... on level 3 of the Dungeon.
             The game lasted 00:09:27 (1524 turns).

stebl the Sneak (Vine Stalker Assassin)             Turns: 1524, Time: 00:09:27

Health: -9/23      AC:  3    Str: 13    XL:     4   Next: 84%
Magic:  0/5        EV: 12    Int: 11    God:
Gold:   107        SH:  0    Dex: 17    Spells: 0 memorised, 3 levels left

rFire  . . .     SeeInvis .     a - +0 rapier
rCold  . . .     Gourm    .     c - +0 robe
rNeg   . . .     Faith    .     (no shield)
rPois  .         Spirit   +     (no helmet)
rElec  .         Reflect  .     d - +0 cloak
rCorr  .         Harm     .     (no gloves)
MR     .....                    (no boots)
Stlth  ++++......               (no amulet)
                                (no ring)
                                (no ring)

@: no status effects
A: fangs 2, regeneration 1, magic shield, antimagic bite, no device heal 3, rot
immunity
a: no special abilities


You were on level 3 of the Dungeon.
You were not hungry.

You visited 1 branch of the dungeon, and saw 3 of its levels.

You collected 107 gold pieces.

Inventory:

Hand Weapons
 a - a +0 rapier (weapon)
 b - a +0 blowgun
Missiles
 e - 8 poisoned needles
 f - 2 curare-tipped needles
 k - 4 tomahawks (quivered)
 t - 4 javelins
Armour
 c - a +0 robe (worn)
 d - a +0 cloak (worn)
Scrolls
 i - a scroll of immolation {unknown}
 j - 2 scrolls of magic mapping {unknown}
 m - 2 scrolls of enchant armour {unknown}
 o - 2 scrolls of teleportation {unknown}
 q - 2 scrolls of identify {unknown}
 u - a scroll of remove curse {unknown}
 v - a scroll of blinking {unknown}
Potions
 l - 2 potions of might {unknown}
 p - a potion of ambrosia {unknown}
 r - a potion of agility {unknown}
 w - 2 potions of curing {unknown}
 x - a potion of haste {unknown}
 z - a potion of heal wounds {unknown}
Comestibles
 g - a bread ration
 h - 7 fruits
 n - a chunk of flesh
 s - a meat ration


   Skills:
 + Level 2.0 Fighting
 + Level 2.3 Short Blades
 + Level 2.0 Throwing
 + Level 1.1 Dodging
 + Level 6.7 Stealth


You had 3 spell levels left.
You didn't know any spells.

Dungeon Overview and Level Annotations

Branches:
Dungeon (3/15)

Altars:
Kikubaaqudgha
Ru


Innate Abilities, Weirdness & Mutations

You have extremely sharp teeth.
Your natural rate of healing is unusually fast.
When hurt, damage is shared between your health and your magic reserves.
Your bite disrupts and absorbs the magic of your enemies.
Potions and wands cannot restore your health.
You are immune to rotting.


Message History

You barely miss the orc priest.
You bite the orc priest, but do no damage.
The orc priest is lightly wounded.
The rat misses you. The orc priest hits you with a whip. The rat bites you.
You hit the orc priest.
You bite the orc priest, but do no damage.
The orc priest is heavily wounded.
The orc priest mumbles some strange prayers to Beogh against you.
Pain shoots through your body! The rat bites you.
The orc priest hits you with a whip.
* * * LOW HITPOINT WARNING * * *
You hit the orc priest but do no damage.
You bite the orc priest. You drain its power.
You feel invigorated.
The orc priest is heavily wounded.
The rat bites you.
* * * LOW HITPOINT WARNING * * *
The orc priest invokes the aid of Beogh against you.
Beogh smites you!
Ouch! That really hurt!
You die...

..# #..........###..#.#..
#.# #.#.[#..#### #..#.#..
#.# #....#.## #.>.....
#[###..>##.# ##......
#........#.######....#
#..........##......#.#
#........####.##.....#♣♣.♣
#.............##..........
##)##..#########@.#.##♣♣.♣
##.#...#########ro#..#
..........##.......#.##
....(......#............
...................#....
...................#....
...................# ....
............######## ..
............#


You could see an orc priest and a rat.

Vanquished Creatures
  An orc wizard (D:2)
  3 adders
  6 orcs (D:3)
  2 bats
  4 giant cockroaches
  6 goblins
  10 hobgoblins
  2 quokkas (D:2)
  A ball python (D:3)
  4 kobolds
  A rat (D:2)
40 creatures vanquished.

Notes
Turn   | Place    | Note
-------+----------+-------------------------------------------
     0 | D:1      | stebl the Vine Stalker Assassin began the quest for the Orb.
     0 | D:1      | Reached XP level 1. HP: 11/11 MP: 2/2
   147 | D:1      | Reached skill level 5 in Stealth
   268 | D:1      | Reached XP level 2. HP: 15/15 MP: 3/3
   689 | D:2      | Reached XP level 3. HP: 11/18 MP: 4/4
   990 | D:2      | Found an ancient bone altar of Kikubaaqudgha.
  1097 | D:2      | Found a sacrificial altar of Ru.
  1106 | D:2      | Reached skill level 1 in Dodging
  1106 | D:2      | Reached skill level 6 in Stealth
  1116 | D:2      | Gained mutation: Your natural rate of healing is unusually fast. [Vine Stalker growth]
  1116 | D:2      | Reached XP level 4. HP: 23/23 MP: 5/5
  1524 | D:3      | Killed from afar by an orc priest

Skill      XL: |  1  2  3 |
---------------+----------+-----
Stealth        | 5 6 |  6.7
Fighting       | 2 |  2.0
Short Blades   | 2 |  2.3
Throwing       | 2 |  2.0
Dodging        | 1 |  1.1

Action                   |  1- 3 |  4- 6 || total
-------------------------+-------+-------++-------
Melee: Dagger            |    54 |    21 ||    75
       Bite              |     8 |    15 ||    23
       Rapier            |       |    22 ||    22
Throw: Tomahawk          |     2 |     3 ||     5
 Stab: Sleeping          |    13 |     2 ||    15
       Paralysed         |       |     1 ||     1
  Eat: Chunk             |     1 |     1 ||     2
Armor: Robe              |     4 |     5 ||     9
Dodge: Dodged            |    21 |    17 ||    38
